 Dungeon Crawl Stone Soup version 0.21.1-1-g345015f (webtiles) character file.

118 Aliochah the Charlatan (level 4, -3/37 HPs)
             Began as a Draconian Artificer on June 19, 2018.
             Killed themself with a badly aimed iceblast (17 damage)
             ... on level 3 of the Dungeon.
             The game lasted 00:33:46 (2711 turns).

Aliochah the Charlatan (Draconian Artificer)        Turns: 2711, Time: 00:33:46

Health: -3/37      AC:  5    Str: 11 (14) XL:     4   Next: 72%
Magic:  16/16      EV: 12    Int:  9 (12) God:
Gold:   102        SH:  0    Dex: 11 (12) Spells: 3/3 levels left

rFire    . . .     SeeInvis .   a - +0 short sword
rCold    . . .     Gourm    .   (no shield)
rNeg     + . .     Faith    .   (armour unavailable)
rPois    .         Spirit   .   (helmet restricted)
rElec    .         Reflect  .   (no cloak)
rCorr    .         Harm     .   (no gloves)
MR       .....                  (no boots)
Stlth    ++........             (no amulet)
HPRegen  0.12/turn              n - ring of positive energy
MPRegen  0.15/turn              s - ring of magical power

@: no status effects
A: unfitting armour, cold-blooded, AC +5
a: no special abilities


You were on level 3 of the Dungeon.
You were not hungry.

You visited 1 branch of the dungeon, and saw 3 of its levels.

You collected 102 gold pieces.

Inventory:

Hand Weapons
 a - a +0 short sword (weapon)
 b - a +0 hunting sling
 u - a cursed -2 mace
Missiles
 p - 83 stones (quivered)
Jewellery
 n - a ring of positive energy (left hand)
 s - a ring of magical power (right hand)
Wands
 c - a wand of enslavement (11)
 d - a wand of random effects (9)
 f - a wand of flame (7)
Scrolls
 j - a scroll of remove curse
 w - a scroll of immolation
 A - a scroll of blinking
Potions
 g - a potion of flight
 h - a potion of mutation {unknown}
 m - 3 potions of agility
 q - 2 potions of berserk rage
Comestibles
 v - 3 rations


   Skills:
 + Level 2.9 Fighting
 - Level 1.0 Short Blades
 - Level 1.7 Dodging
 + Level 2.7 Stealth
 + Level 4.0 Evocations


You had 3 spell levels left.
You didn't know any spells.

Dungeon Overview and Level Annotations

Branches:
Dungeon (3/15)

Altars:
Ashenzari


Innate Abilities, Weirdness & Mutations

Your plain brown scales are hard. (AC +5)
You cannot fit into any form of body armour.
You are cold-blooded and may be slowed by cold attacks.


Message History

The orc hits you with a club. The leopard gecko bites you.
You hit the orc but do no damage.
The orc is moderately wounded.
The orc closely misses you. The orc barely misses you.
The leopard gecko bites you but does no damage.
You closely miss the orc.
The orc is moderately wounded.
The orc hits you from afar with a trident!
The orc barely misses you.
The leopard gecko bites you but does no damage.
Okay, then.
Okay, then.
Evoke which item? (* to show all) (? for menu, Esc to quit)
Aiming: Random Effects
Press: ? - help, Shift-Dir - straight line, f - orc, p - orc
Aim: an orc, wielding a club and wearing a chain mail (moderately wounded)
The mass of ice explodes!
The iceblast engulfs the orc.
You kill the orc!
The iceblast engulfs you!
You die...

.. .## #....#
.. .?.##....##
#. #........ #.
# ......#
#.##.# #....#
...#J#
#...)####...
.....#
#.......o(#
..<#
####o..#(.####
(.........
#.@)...##o(#
...<......
#l####.###>#
8......... ...
#..##.(#
$.........
....# #...# .#
...#...........
#<#..# .
...###.......##
#.##.# ## 8..#
.##.... #.# ...
..# #.# ##. #.#
.


You could see an orc and a leopard gecko.

Vanquished Creatures
  5 adders (D:2)
  An ooze (D:2)
  A worm (D:2)
  A dart slug (D:2)
  A leopard gecko (D:1)
  4 orcs (D:3)
  2 ball pythons (D:1)
  2 giant cockroaches (D:1)
  7 goblins
  6 hobgoblins
  5 jackals
  4 bats
  5 frilled lizards
  6 kobolds
  8 rats
58 creatures vanquished.

Vanquished Creatures (collateral kills)
  A hobgoblin (D:2)
  A frilled lizard (D:2)
2 creatures vanquished.

Grand Total: 60 creatures vanquished

Notes
Turn   | Place    | Note
-------+----------+-------------------------------------------
     0 | D:1      | Aliochah the Draconian Artificer began the quest for the Orb.
     0 | D:1      | Reached XP level 1. HP: 16/16 MP: 3/3
    50 | D:1      | Reached skill level 1 in Stealth
   261 | D:1      | Reached XP level 2. HP: 23/23 MP: 4/4
  1114 | D:1      | Reached XP level 3. HP: 29/29 MP: 5/5
  1871 | D:2      | Reached XP level 4. HP: 32/37 MP: 6/6
  2097 | D:2      | Found a shattered altar of Ashenzari.
  2682 | D:3      | Reached skill level 4 in Evocations
  2711 | D:3      | Killed themself with a badly aimed iceblast

Skill      XL: |  1  2  3  4 |
---------------+-------------+-----
Stealth        | 1 2 |  2.7
Fighting       | 2 |  2.9
Evocations     | 4 |  4.0
Short Blades   | |  1.0
Dodging        | |  1.7

Action                   |  1- 3 |  4- 6 || total
-------------------------+-------+-------++-------
Melee: Short sword       |   168 |    36 ||   204
       Tailslap          |    20 |     1 ||    21
 Fire: Hunting sling     |       |    23 ||    23
Throw: Stone             |     7 |     9 ||    16
Evoke: Wand              |    18 |       ||    18
  Use: Scroll            |     6 |     7 ||    13
       Potion            |     1 |     5 ||     6
 Stab: Sleeping          |     1 |       ||     1
       Paralysed         |     1 |       ||     1
  Eat: Chunk             |     2 |       ||     2
       Ration            |     1 |       ||     1
Armor: Skin              |    76 |    13 ||    89
Dodge: Dodged            |   144 |    43 ||   187
